[Event "46th GRE-chT Premier 2018"]
[Site "Rio Achaia"]
[Date "2018.07.11"]
[Round "2"]
[White "Mihopoulos, Konstantinos"]
[Black "Liodakis, Konstantinos-Spyros"]
[Result "1-0"]
[ECO "B43"]
[WhiteElo "2097"]
[BlackElo "2183"]
[Annotator "NA"]
[PlyCount "76"]
[EventDate "2018.07.10"]
[EventType "team-tourn"]
[EventCountry "GRE"]
[SourceTitle "playchess.com"]
[Source "ChessBase"]
[SourceQuality "1"]
[TimeControl "40/5400+30:1800+30"]

1. d4 e6 2. Nf3 c5 3. e4 cxd4 4. Nxd4 a6 5. Nc3 b5 6. Bd3 Bb7 7. O-O d6 8. Be3 Nf6 9. a3 Be7 10. f4 Nbd7 11. Kh1 Qc7 12. Qe2 Rc8 13. Rf3 Qb8 14. Rg3 g6 15. Bd2 Nc5 16. Rf1 Qa8 17. e5 Nh5 18. Rh3 dxe5 19. fxe5 Ng7 20. Bh6 Nf5 21. Bxf5 gxf5 22. Rg3 Rd8 23. Nb3 Ne4 24. Nxe4 Bxe4 25. Qh5 Qd5 26. Nc1 Bxc2 27. Ne2 Bd1 28. Rg7 Rf8 29. Rxh7 Bxe2 30. Qxe2 Rg8 31. Rg7 Rxg7 32. Bxg7 Qd3 33. Qe1 Rd4 34. h3 Bg5 35. Bf6 Bd2 36. Qd1 Qc4 37. Qf3 Re4 38. Rd1 Bf4 1-0

[Event "46th GRE-chT Premier 2018"]
[Site "Rio Achaia"]
[Date "2018.07.11"]
[Round "2"]
[White "Ivanova, Simoneta"]
[Black "Antoniadou, Paraskevi"]
[Result "1-0"]
[ECO "D21"]
[WhiteElo "2091"]
[BlackElo "1764"]
[Annotator "NA"]
[PlyCount "97"]
[EventDate "2018.07.10"]
[EventType "team-tourn"]
[EventCountry "GRE"]
[SourceTitle "playchess.com"]
[Source "ChessBase"]
[SourceQuality "1"]
[TimeControl "40/5400+30:1800+30"]

1. d4 d5 2. c4 dxc4 3. Nf3 a6 4. a4 Nf6 5. e3 e6 6. Bxc4 c5 7. O-O Be7 8. Qe2 O-O 9. Rd1 Qc7 10. Nc3 Nc6 11. Bd2 Bd7 12. Rac1 Qb6 13. d5 exd5 14. Nxd5 Nxd5 15. Bxd5 Rad8 16. Qc4 Bc8 17. Bc3 Nb4 18. Bxb4 Qxb4 19. Bxf7+ Rxf7 20. Rxd8+ Bxd8 21. Qxb4 cxb4 22. Rxc8 Rd7 23. g3 h6 24. e4 Rd1+ 25. Kg2 Kh7 26. e5 Kg6 27. Rc4 a5 28. Rd4 Rxd4 29. Nxd4 Bb6 30. Nb5 Kf5 31. Nd6+ Kxe5 32. Nc4+ Kd4 33. Nxb6 Kd3 34. Kf1 Kc2 35. Nc4 Kb3 36. Nxa5+ Kxa4 37. Nxb7 Kb3 38. Ke2 Kxb2 39. Nc5 Kc3 40. Na4+ Kb3 41. Nc5+ Kc4 42. Nd3 b3 43. Ke3 Kd5 44. Nb2 Ke5 45. Kd3 g5 46. f3 h5 47. Kc3 h4 48. Kc4 hxg3 49. hxg3 {[%emt 0:00:05] Kd5+} 1-0

[Event "46th GRE-chT Premier 2018"]
[Site "Rio Achaia"]
[Date "2018.07.11"]
[Round "2"]
[White "Manelidis, Savvas"]
[Black "Georgiev, Krum"]
[Result "0-1"]
[ECO "B90"]
[WhiteElo "2090"]
[BlackElo "2330"]
[Annotator "NA"]
[PlyCount "54"]
[EventDate "2018.07.10"]
[EventType "team-tourn"]
[EventCountry "GRE"]
[SourceTitle "playchess.com"]
[Source "ChessBase"]
[SourceQuality "1"]
[TimeControl "40/5400+30:1800+30"]

1. e4 c5 2. Nf3 d6 3. d4 cxd4 4. Nxd4 Nf6 $14 5. Nc3 a6 6. Qd3 e6 7. Be2 Nbd7 8. O-O b5 9. b4 Bb7 10. a4 bxa4 11. Rxa4 Be7 12. Bd2 O-O 13. Nb3 Rc8 14. Na5 Ba8 15. Qxa6 Nb6 16. Ra2 d5 17. e5 Nfd7 18. Nb5 Nxe5 19. Na7 Rb8 20. f4 Nbc4 21. Nxc4 Nxc4 22. Bxc4 dxc4 23. c3 Qd5 24. Bc1 Bf6 25. Qa3 Qd3 26. Bb2 Bd8 27. b5 Bb6+ 0-1

[Event "46th GRE-chT Premier 2018"]
[Site "Rio Achaia"]
[Date "2018.07.11"]
[Round "2"]
[White "Krasteva, Beloslava"]
[Black "Koutsogiannopoulou, Theodora"]
[Result "1-0"]
[ECO "E92"]
[WhiteElo "2086"]
[BlackElo "1852"]
[Annotator "NA"]
[PlyCount "101"]
[EventDate "2018.07.10"]
[EventType "team-tourn"]
[EventCountry "GRE"]
[SourceTitle "playchess.com"]
[Source "ChessBase"]
[SourceQuality "1"]
[TimeControl "40/5400+30:1800+30"]

1. d4 Nf6 2. c4 g6 3. Nc3 Bg7 4. e4 d6 5. Nf3 O-O 6. Be2 e5 7. d5 a5 8. Bg5 h6 9. Bh4 Na6 10. Nd2 Qe8 11. O-O Nh7 12. Kh1 f5 13. exf5 gxf5 14. Bh5 Qd7 15. f4 Nc5 16. Qe2 e4 17. Nd1 Nd3 18. Rb1 b5 19. Bg6 Nf6 20. Ne3 bxc4 21. Nxf5 Nxd5 22. Nxg7 Qxg7 23. Bxe4 N5xf4 24. Qe3 d5 25. Bf3 Ra6 26. g3 Re6 27. Qg1 Nh3 28. Qg2 c6 29. Qxh3 Nf2+ 30. Rxf2 Re1+ 31. Rxe1 Bxh3 32. g4 Qd4 33. Rg1 Rb8 34. b3 c3 35. Nb1 Qc5 36. Rc2 d4 37. Bf2 Qb4 38. g5 Bf5 39. gxh6+ Kh7 40. Re2 d3 41. Re5 Qf4 42. Re3 c2 43. Nd2 Rg8 44. Re7+ Kh8 45. Rge1 Bg4 46. Be4 Qxh6 47. Bd4+ Qg7 48. Bxg7+ Rxg7 49. Re8+ Rg8 50. Rxg8+ Kxg8 51. Bxd3 1-0

[Event "46th GRE-chT Premier 2018"]
[Site "Rio Achaia"]
[Date "2018.07.11"]
[Round "2"]
[White "Tepelenis, Nikolaos"]
[Black "Drakopoulos, Polihronis"]
[Result "1/2-1/2"]
[ECO "B22"]
[WhiteElo "2079"]
[BlackElo "2105"]
[Annotator "NA"]
[PlyCount "60"]
[EventDate "2018.07.10"]
[EventType "team-tourn"]
[EventCountry "GRE"]
[SourceTitle "playchess.com"]
[Source "ChessBase"]
[SourceQuality "1"]
[TimeControl "40/5400+30:1800+30"]

1. e4 c5 2. c3 d5 3. exd5 Qxd5 4. d4 Nf6 5. Nf3 Bg4 6. Be2 e6 7. h3 Bh5 8. O-O Nc6 9. Be3 cxd4 10. cxd4 Bd6 11. Nc3 Qa5 12. a3 O-O 13. b4 Qd8 14. Qb3 h6 15. Rad1 Ne7 16. g4 Bg6 17. Ne5 Bh7 18. Bf3 Nfd5 19. Nxd5 Nxd5 20. Bxd5 exd5 21. Qxd5 Qe7 22. Nc4 Rad8 23. Nxd6 Rxd6 24. Qe5 Qd7 25. Bf4 Rd5 26. Qc7 Kh8 27. Kh2 Kg8 28. Kg1 Kh8 29. Kh2 Kg8 30. Kg1 Kh8 1/2-1/2

[Event "46th GRE-chT Premier 2018"]
[Site "Rio Achaia"]
[Date "2018.07.11"]
[Round "2"]
[White "Iordanidou, Zoi"]
[Black "Manelidou, Maria"]
[Result "1/2-1/2"]
[ECO "C42"]
[WhiteElo "2060"]
[BlackElo "2078"]
[Annotator "NA"]
[PlyCount "61"]
[EventDate "2018.07.10"]
[EventType "team-tourn"]
[EventCountry "GRE"]
[SourceTitle "playchess.com"]
[Source "ChessBase"]
[SourceQuality "1"]
[TimeControl "40/5400+30:1800+30"]

1. e4 e5 2. Nf3 Nf6 3. Nxe5 d6 4. Nf3 Nxe4 5. Qe2 Qe7 6. Nc3 Nxc3 7. dxc3 Qxe2+ 8. Bxe2 Be7 9. Be3 Nc6 10. O-O-O O-O 11. Rhe1 Re8 12. Nd4 Nxd4 13. cxd4 Be6 14. d5 Bd7 15. Bd3 Bf6 16. Re2 a6 17. Rde1 Re5 18. c4 Rae8 19. Bf4 Rxe2 20. Rxe2 Rxe2 21. Bxe2 h6 22. b3 g5 23. Be3 Be5 24. g3 Kg7 25. Kc2 c6 26. Bf3 Bf5+ 27. Kd2 c5 28. a4 Kf6 29. Bd1 Ke7 30. Be2 Bb2 31. Bd1 1/2-1/2

[Event "46th GRE-chT Premier 2018"]
[Site "Rio Achaia"]
[Date "2018.07.11"]
[Round "2"]
[White "Damianou, Ioannis"]
[Black "Liakos, Christos - Konstant"]
[Result "1-0"]
[ECO "A39"]
[WhiteElo "2058"]
[BlackElo "1370"]
[Annotator "NA"]
[PlyCount "89"]
[EventDate "2018.07.10"]
[EventType "team-tourn"]
[EventCountry "GRE"]
[SourceTitle "playchess.com"]
[Source "ChessBase"]
[SourceQuality "1"]
[TimeControl "40/5400+30:1800+30"]

1. Nf3 c5 2. g3 Nc6 3. c4 Nf6 4. Bg2 g6 5. O-O Bg7 6. Nc3 O-O 7. d4 cxd4 8. Nxd4 Nxd4 9. Qxd4 d6 10. Qd2 Qa5 11. b3 a6 12. Bb2 Rb8 13. Rfd1 Kh8 14. Rac1 Bf5 15. h3 Rfc8 16. e4 Be6 17. Nd5 Qxd2 18. Rxd2 Nxd5 19. exd5 Bxb2 20. Rxb2 Bd7 21. Re2 e5 22. dxe6 Bxe6 23. Rd1 b5 24. cxb5 axb5 25. Rxd6 Rc1+ 26. Kh2 Rc5 27. Red2 Kg7 28. Be4 h5 29. h4 Re5 30. Bg2 Rc5 31. Rc6 Rxc6 32. Bxc6 Rb6 33. Be4 Kf6 34. Kg2 Ke5 35. Kf3 f5 36. Bd3 Rd6 37. Re2+ Kd4 38. Bxb5 Rb6 39. Ba4 Bd5+ 40. Kf4 Kd3 41. Re3+ Kd2 42. Kg5 Be4 43. Be8 Ra6 44. Bxg6 Rxg6+ 45. Kxg6 1-0

[Event "46th GRE-chT Premier 2018"]
[Site "Rio Achaia"]
[Date "2018.07.11"]
[Round "2"]
[White "Tsagkaropoulos, Spyridon"]
[Black "Papageorgiou, Ioannis"]
[Result "1-0"]
[ECO "B40"]
[WhiteElo "2052"]
[BlackElo "1983"]
[Annotator "NA"]
[PlyCount "119"]
[EventDate "2018.07.10"]
[EventType "team-tourn"]
[EventCountry "GRE"]
[SourceTitle "playchess.com"]
[Source "ChessBase"]
[SourceQuality "1"]
[TimeControl "40/5400+30:1800+30"]

1. e4 c5 2. Nf3 e6 3. b3 d5 4. exd5 exd5 5. Bb5+ Bd7 6. Qe2+ Qe7 7. O-O Qxe2 8. Bxe2 Nc6 9. Bb2 f6 10. d4 O-O-O 11. Rd1 Bf5 12. Rd2 Nh6 13. Nc3 cxd4 14. Nxd4 Nxd4 15. Rxd4 Bxc2 16. Rc1 Bf5 17. Rxd5 Rxd5 18. Nxd5+ Kb8 19. h3 Bd6 20. Bf3 Nf7 21. Rd1 Be5 22. Ba3 Rd8 23. g4 Ng5 24. Bg2 Bc2 25. Rc1 Be4 26. Bxe4 Nxe4 27. Rd1 Ng5 28. Kg2 Ne6 29. Bc1 Bd4 30. Nf4 Be5 31. Rxd8+ Nxd8 32. Nd5 Kc8 33. Be3 b6 34. f4 Bd6 35. Kf3 Kd7 36. Ke4 Nf7 37. Nc3 Bb4 38. Ne2 g6 39. Kd5 Nd6 40. a4 Nc8 41. Kc4 Bd6 42. Kb5 Kc7 43. Ka6 Kb8 44. Nc3 f5 45. Nd5 fxg4 46. hxg4 h5 47. f5 gxf5 48. gxh5 Ne7 49. Nxe7 Bxe7 50. a5 Kc7 51. h6 Bf6 52. axb6+ axb6 53. b4 Kd6 54. b5 Ke5 55. Bxb6 f4 56. Bc7+ Kf5 57. Bxf4 Kxf4 58. b6 Kg5 59. b7 Be5 60. h7 1-0

[Event "46th GRE-chT Premier 2018"]
[Site "Rio Achaia"]
[Date "2018.07.11"]
[Round "2"]
[White "Abelakiotis, Stavros"]
[Black "Kyriakidis, Anastasios P"]
[Result "1-0"]
[ECO "B01"]
[WhiteElo "2029"]
[BlackElo "1352"]
[Annotator "NA"]
[PlyCount "51"]
[EventDate "2018.07.10"]
[EventType "team-tourn"]
[EventCountry "GRE"]
[SourceTitle "playchess.com"]
[Source "ChessBase"]
[SourceQuality "1"]
[TimeControl "40/5400+30:1800+30"]

1. e4 d5 2. exd5 Qxd5 3. Nf3 Qd8 4. d4 Nf6 5. Be2 Bf5 6. O-O e6 7. c4 Be7 8. Qb3 Qc8 9. Nc3 Nbd7 10. Bf4 a6 11. h3 O-O 12. Nh4 Bg6 13. Nxg6 hxg6 14. Bf3 Rb8 15. c5 Nh7 16. a4 Bf6 17. Rad1 e5 18. dxe5 Nxe5 19. Bxe5 Bxe5 20. Bg4 Qe8 21. Rfe1 Nf6 22. f4 Nxg4 23. hxg4 Bd4+ 24. Kf1 Qd7 25. Re4 Rbd8 26. Ne2 1-0

[Event "46th GRE-chT Premier 2018"]
[Site "Rio Achaia"]
[Date "2018.07.11"]
[Round "2"]
[White "Skaraki, Antigoni"]
[Black "Cibickova, Zuzana"]
[Result "0-1"]
[ECO "C77"]
[WhiteElo "2027"]
[BlackElo "2292"]
[Annotator "ChessBase"]
[PlyCount "116"]
[EventDate "2018.07.10"]
[EventType "team-tourn"]
[EventCountry "GRE"]
[SourceTitle "playchess.com"]
[Source "ChessBase"]
[SourceQuality "1"]
[TimeControl "40/5400+30:1800+30"]

1. e4 e5 2. Nf3 Nc6 3. Bb5 a6 4. Ba4 Nf6 5. d3 d6 6. c3 g6 7. Nbd2 Bg7 8. Nf1 O-O 9. Bg5 d5 10. exd5 Qxd5 11. Ne3 Qd6 12. Nc4 Qe6 13. Bxc6 bxc6 14. O-O Nd5 15. Re1 f6 16. Bh4 c5 17. Bg3 Bd7 18. Nfd2 Qc6 19. Qf3 Nb6 20. Qxc6 Bxc6 21. Na5 Bd5 22. c4 Bf7 23. Ne4 Nd7 24. Nb3 Rfb8 25. Re2 g5 26. Nexc5 Nxc5 27. Nxc5 Rd8 28. h4 h6 29. hxg5 hxg5 30. b3 Bf8 31. Ne4 Be7 32. Rd1 Rd7 33. Nc3 Rad8 34. f3 Rxd3 35. Rxd3 Rxd3 36. Ne4 Bg6 37. Kf1 Kf7 38. Nf2 Rd8 39. Ne4 Rh8 40. Rd2 f5 41. Nc3 f4 42. Be1 Rh1+ 43. Ke2 Bf5 44. Nd5 Bd6 45. Bf2 e4 46. fxe4 Bxe4 47. c5 Be5 48. Nxc7 Bxg2 49. Rd7+ Kg6 50. Nd5 Ra1 51. Nb4 a5 52. Re7 f3+ 53. Kd3 Bf6 54. Re6 axb4 55. c6 Bh3 56. Re8 Rxa2 57. Bg3 Bf1+ 58. Ke3 Re2+ {[%emt 0:00:05] Kd4} 0-1

[Event "46th GRE-chT Premier 2018"]
[Site "Rio Achaia"]
[Date "2018.07.11"]
[Round "2"]
[White "Sgouros, Apostolos"]
[Black "Zenelis, Konstantinos"]
[Result "1-0"]
[ECO "C00"]
[WhiteElo "2024"]
[BlackElo "2036"]
[Annotator "NA"]
[PlyCount "59"]
[EventDate "2018.07.10"]
[EventType "team-tourn"]
[EventCountry "GRE"]
[SourceTitle "playchess.com"]
[Source "ChessBase"]
[SourceQuality "1"]
[TimeControl "40/5400+30:1800+30"]

1. e4 e6 2. d3 c5 3. Nf3 Nc6 4. g3 g6 5. Bg2 Bg7 6. O-O Nge7 7. Nc3 d6 8. Bg5 h6 9. Be3 Nd4 10. Qd2 Rb8 11. Nh4 b5 12. f4 b4 13. Nd1 Qb6 14. c3 bxc3 15. bxc3 Ndc6 16. Rc1 f5 17. g4 O-O 18. gxf5 exf5 19. Kh1 Kh7 20. Rg1 Be6 21. Bf3 Bf6 22. Qf2 Qa6 23. d4 cxd4 24. cxd4 Nb4 25. Rc7 Qa5 26. Rxe7+ Bxe7 27. Nxg6 Rf7 28. d5 Bd7 29. Nxe7 Rxe7 30. Qg3 1-0

[Event "46th GRE-chT Premier 2018"]
[Site "Rio Achaia"]
[Date "2018.07.11"]
[Round "2"]
[White "Dimopoulos, Symeon"]
[Black "Konstantelias, Konstantinos"]
[Result "1/2-1/2"]
[ECO "B01"]
[WhiteElo "2020"]
[BlackElo "1942"]
[Annotator "NA"]
[PlyCount "100"]
[EventDate "2018.07.10"]
[EventType "team-tourn"]
[EventCountry "GRE"]
[SourceTitle "playchess.com"]
[Source "ChessBase"]
[SourceQuality "1"]
[TimeControl "40/5400+30:1800+30"]

1. e4 d5 2. exd5 Qxd5 3. Nc3 Qd8 4. d4 Nf6 5. Bf4 c6 6. h3 Bf5 7. Nf3 e6 8. Bd3 Bxd3 9. Qxd3 Qa5 10. O-O Be7 11. Ne5 O-O 12. Ne2 Rd8 13. c3 Nbd7 14. Qf3 Qd5 15. Qe3 Qe4 16. Qxe4 Nxe4 17. Rad1 Nb6 18. f3 Nd6 19. b3 Nd5 20. Bd2 Nf5 21. Kf2 a5 22. f4 c5 23. g4 Nd6 24. Kf3 f6 25. Nd3 c4 26. Nc5 Kf7 27. Ne4 Nxe4 28. Kxe4 Rac8 29. Rb1 b6 30. f5 e5 31. bxc4 Rxc4 32. Rb5 exd4 33. cxd4 Rc2 34. Rxd5 Rxd5 35. Kxd5 Rxd2 36. Nc3 Bb4 37. Rc1 g6 38. Ne4 Rxa2 39. Rc7+ Be7 40. Nd6+ Kf8 41. Nc8 Bb4 42. Nxb6 gxf5 43. gxf5 h5 44. Ke6 Re2+ 45. Kxf6 Be7+ 46. Kg6 Rg2+ 47. Kxh5 Rg5+ 48. Kh6 Rxf5 49. Nc8 Bb4 50. Na7 Rf4 1/2-1/2

[Event "46th GRE-chT Premier 2018"]
[Site "Rio Achaia"]
[Date "2018.07.11"]
[Round "2"]
[White "Papahristoudis, Anastasios"]
[Black "Kordis, Konstantinos"]
[Result "0-1"]
[ECO "E90"]
[WhiteElo "2012"]
[BlackElo "2100"]
[Annotator "NA"]
[PlyCount "56"]
[EventDate "2018.07.10"]
[EventType "team-tourn"]
[EventCountry "GRE"]
[SourceTitle "playchess.com"]
[Source "ChessBase"]
[SourceQuality "1"]
[TimeControl "40/5400+30:1800+30"]

1. d4 Nf6 2. c4 g6 3. Nc3 Bg7 4. e4 d6 5. Nf3 O-O 6. h3 e5 7. d5 a5 8. Bg5 Na6 9. Be2 Qe8 10. Nd2 Nd7 11. g4 Nb6 12. Nf1 a4 13. Ng3 Bd7 14. h4 Rc8 15. h5 c6 16. hxg6 fxg6 17. Qd3 Nb4 18. Qd2 cxd5 19. Nxd5 N4xd5 20. cxd5 Nc4 21. Qb4 Qf7 22. Rh2 b5 23. b3 Nb2 24. Rb1 Rc2 25. Be3 Rfc8 26. Qa3 Rxe2+ 27. Nxe2 Nd3+ 28. Kd2 b4 0-1

[Event "46th GRE-chT Premier 2018"]
[Site "Rio Achaia"]
[Date "2018.07.11"]
[Round "2"]
[White "Kadianis, Georgios"]
[Black "Moshovakis, Aggelos"]
[Result "0-1"]
[ECO "D00"]
[WhiteElo "2002"]
[BlackElo "1964"]
[Annotator "NA"]
[PlyCount "140"]
[EventDate "2018.07.10"]
[EventType "team-tourn"]
[EventCountry "GRE"]
[SourceTitle "playchess.com"]
[Source "ChessBase"]
[SourceQuality "1"]
[TimeControl "40/5400+30:1800+30"]

1. d4 d5 2. Nc3 Nf6 3. Bf4 e6 4. e3 Bd6 5. Qd2 b6 6. Nf3 Bb7 7. Ne5 a6 8. f3 Nh5 9. O-O-O Nd7 10. Nxd7 Qxd7 11. Bg5 h6 12. Bh4 g5 13. Bf2 O-O-O 14. Kb1 Kb8 15. e4 dxe4 16. fxe4 f5 17. Bd3 Nf4 18. Bg3 Nxd3 19. Qxd3 Bb4 20. Be5 Rhf8 21. exf5 exf5 22. Rd2 Ka7 23. Rhd1 Rde8 24. Qc4 Bd6 25. a4 Qe6 26. Qxe6 Rxe6 27. Bxd6 cxd6 28. d5 Re5 29. Rf2 Rfe8 30. g3 Bc8 31. Rdd2 Bd7 32. b3 Kb7 33. Ne2 b5 34. axb5 axb5 35. c4 bxc4 36. bxc4 Rc8 37. Rb2+ Kc7 38. Kc2 Kd8 39. Kd3 Ra8 40. Nd4 Ra3+ 41. Rb3 Rxb3+ 42. Nxb3 Ke7 43. Nd2 Re1 44. Kd4 Rc1 45. Nf1 Rd1+ 46. Kc3 Kf6 47. Ne3 Rb1 48. Kd4 h5 49. Ra2 Rb7 50. Ra8 Kg7 51. Ra6 f4 52. gxf4 gxf4 53. Ng2 f3 54. Ne3 Bh3 55. Ra2 Kg6 56. Rf2 Rf7 57. Ke4 Bg4 58. c5 dxc5 59. d6 Kg5 60. Nc4 Rf8 61. Ne5 Re8 62. Kd5 Kf4 63. Nd3+ Ke3 64. Kc4 Re4+ 65. Kc3 Rd4 66. Nxc5 Rxd6 67. Rf1 Rc6 68. Re1+ Kf2 69. Re5 Kg2 70. Kd4 f2 0-1

[Event "46th GRE-chT Premier 2018"]
[Site "Rio Achaia"]
[Date "2018.07.11"]
[Round "2"]
[White "Vasiliadis, Anastasios"]
[Black "Lagopatis, Nikolaos"]
[Result "1/2-1/2"]
[ECO "A04"]
[WhiteElo "1997"]
[BlackElo "2100"]
[Annotator "NA"]
[PlyCount "106"]
[EventDate "2018.07.10"]
[EventType "team-tourn"]
[EventCountry "GRE"]
[SourceTitle "playchess.com"]
[Source "ChessBase"]
[SourceQuality "1"]
[TimeControl "40/5400+30:1800+30"]

1. Nf3 d6 2. d4 Nf6 3. g3 Nbd7 4. Bg2 e5 5. dxe5 dxe5 6. O-O Bc5 7. Nc3 O-O 8. Bg5 h6 9. Bxf6 Qxf6 10. Ne4 Qe7 11. Nxc5 Nxc5 12. c3 a5 13. Qc2 Re8 14. Rfd1 Bd7 15. b3 Rad8 16. Rac1 Bc6 17. Nh4 Bxg2 18. Nxg2 g6 19. Ne3 c6 20. Rxd8 Rxd8 21. Rd1 Kg7 22. Nc4 Rxd1+ 23. Qxd1 Qc7 24. Qd6 Qxd6 25. Nxd6 b5 26. f3 f5 27. Kf2 Kf6 28. b4 axb4 29. cxb4 Na4 30. Nb7 Ke6 31. e4 Nc3 32. Nc5+ Kd6 33. a3 Nb1 34. a4 bxa4 35. Nxa4 fxe4 36. fxe4 Na3 37. Nc5 Nc2 38. Nd3 h5 39. h4 Ke6 40. Nc5+ Kf6 41. Nd3 Nd4 42. Ke3 Ke6 43. Kf2 Kd6 44. Ke3 Ne6 45. Kf3 c5 46. bxc5+ Nxc5 47. Nb4 Nd7 48. Nd5 Nc5 49. Ke3 Ne6 50. Kf3 Nc7 51. Nf6 Ke6 52. Nh7 Ke7 53. Ng5 Nb5 1/2-1/2

[Event "46th GRE-chT Premier 2018"]
[Site "Rio Achaia"]
[Date "2018.07.11"]
[Round "2"]
[White "Tsironis, Alexandros"]
[Black "Eleftheriou, Georgios"]
[Result "0-1"]
[ECO "B16"]
[WhiteElo "1994"]
[BlackElo "1790"]
[Annotator "NA"]
[PlyCount "148"]
[EventDate "2018.07.10"]
[EventType "team-tourn"]
[EventCountry "GRE"]
[SourceTitle "playchess.com"]
[Source "ChessBase"]
[SourceQuality "1"]
[TimeControl "40/5400+30:1800+30"]

1. e4 c6 2. d4 d5 3. Nc3 dxe4 4. Nxe4 Nf6 5. Nxf6+ gxf6 6. Be3 Bf5 7. Ne2 h5 8. h4 Nd7 9. Ng3 Bg4 10. f3 Qc7 11. Bf2 Be6 12. Ne4 Bh6 13. Bd3 Rg8 14. Rg1 f5 15. Nd2 O-O-O 16. c3 Ne5 17. Be2 Ng6 18. Qa4 Kb8 19. O-O-O Rd5 20. c4 Ra5 21. Qb4 Rxa2 22. Kb1 Qa5 23. Qxa5 Rxa5 24. Nb3 Ra4 25. Nc5 Bxc4 26. Nxa4 Bxe2 27. Rde1 Bd3+ 28. Ka2 e6 29. Nc5 Bb5 30. Nd7+ Kc7 31. Nf6 Rh8 32. Nxh5 Bf8 33. g4 Be7 34. Rh1 Bc4+ 35. b3 Bd5 36. Rh3 a5 37. Kb2 b5 38. Bg3+ Kb6 39. Nf4 Bf6 40. Nxd5+ cxd5 41. Kc3 Nxh4 42. Bxh4 Bxh4 43. Reh1 Rc8+ 44. Kd3 Bg5 45. gxf5 b4 46. Rb1 Rc3+ 47. Ke2 exf5 48. Rh5 f6 49. f4 Bxf4 50. Rxf5 Re3+ 51. Kf2 Re4 52. Rxf6+ Kb5 53. Kf3 Bd2 54. Rg1 Re3+ 55. Kf2 Rxb3 56. Ke2 Bc3 57. Rg5 Rb2+ 58. Kf3 Kc4 59. Rff5 Bxd4 60. Rxd5 a4 61. Ke4 Re2+ 62. Kf3 Re3+ 63. Kf4 Rd3 64. Ke4 a3 65. Ra5 Re3+ 66. Kf4 Re7 67. Rg3 Ra7 68. Rxa7 Bxa7 69. Ke4 Bd4 70. Rg2 Bc3 71. Rh2 Kb3 72. Kd3 a2 73. Rh1 a1=Q 74. Re1 Bxe1 {[%emt 0:00:32] Kd4} 0-1

[Event "46th GRE-chT Premier 2018"]
[Site "Rio Achaia"]
[Date "2018.07.11"]
[Round "2"]
[White "Ilandzis, Spyridon"]
[Black "Dimitrov, Atanas"]
[Result "0-1"]
[ECO "C70"]
[WhiteElo "1980"]
[BlackElo "2294"]
[Annotator "NA"]
[PlyCount "72"]
[EventDate "2018.07.10"]
[EventType "team-tourn"]
[EventCountry "GRE"]
[SourceTitle "playchess.com"]
[Source "ChessBase"]
[SourceQuality "1"]
[TimeControl "40/5400+30:1800+30"]

1. e4 e5 2. Nf3 Nc6 3. Bb5 a6 4. Ba4 Nge7 5. O-O g6 6. c3 Bg7 7. d4 exd4 8. cxd4 O-O 9. Nc3 b5 10. Bb3 d6 11. h3 Na5 12. Bc2 $11 {LiveBook: 206 Partien} h6 13. Bf4 Bb7 14. Re1 Re8 15. Qc1 Kh7 16. h4 Qd7 17. h5 c5 18. dxc5 dxc5 19. Rd1 Qg4 20. hxg6+ Nxg6 21. Be3 Nc4 22. Nh2 Qe6 23. Bxc5 Rac8 24. Bd4 Rg8 25. Bxg7 Rxg7 26. Nd5 Nce5 27. Kh1 Nh4 28. Rg1 Nxg2 29. Rxg2 Rxg2 30. Kxg2 Qg6+ 31. Kh1 Bxd5 32. exd5 Rxc2 33. Qe3 Nd3 34. Ng4 Qh5+ 35. Nh2 Nxf2+ 36. Kg1 Qxh2+ 0-1

[Event "46th GRE-chT Premier 2018"]
[Site "Rio Achaia"]
[Date "2018.07.11"]
[Round "2"]
[White "Loutragotis, Paraskevas Pantelei"]
[Black "Kartsidima, Aikaterini"]
[Result "1-0"]
[ECO "B09"]
[WhiteElo "1980"]
[BlackElo "1402"]
[Annotator "NA"]
[PlyCount "39"]
[EventDate "2018.07.10"]
[EventType "team-tourn"]
[EventCountry "GRE"]
[SourceTitle "playchess.com"]
[Source "ChessBase"]
[SourceQuality "1"]
[TimeControl "40/5400+30:1800+30"]

1. e4 d6 2. d4 Nf6 3. Nc3 g6 4. f4 Bg7 5. Nf3 c6 6. Bd3 b5 7. e5 Nfd7 8. O-O O-O 9. Ne4 Nb6 10. Qe1 dxe5 11. fxe5 Nd5 12. Qh4 Nb4 13. Bh6 Nxd3 14. Neg5 Re8 15. cxd3 f6 16. Bxg7 fxg5 17. Nxg5 h5 18. Qe4 Bf5 19. Rxf5 gxf5 20. Qxf5 1-0

[Event "46th GRE-chT Premier 2018"]
[Site "Rio Achaia"]
[Date "2018.07.11"]
[Round "2"]
[White "Boviatsis, Charalampos"]
[Black "Papadopoulos, Panayotis"]
[Result "0-1"]
[ECO "B34"]
[WhiteElo "1979"]
[BlackElo "2189"]
[Annotator "NA"]
[PlyCount "106"]
[EventDate "2018.07.10"]
[EventType "team-tourn"]
[EventCountry "GRE"]
[SourceTitle "playchess.com"]
[Source "ChessBase"]
[SourceQuality "1"]
[TimeControl "40/5400+30:1800+30"]

1. e4 c5 2. Nf3 Nc6 3. d4 cxd4 4. Nxd4 g6 $14 {[%emt 0:00:00] LiveBook: 9571 Partien} 5. Nc3 Bg7 6. Nb3 Nf6 7. Be2 O-O 8. Bg5 a5 9. a4 d6 10. O-O Be6 11. f4 Bxb3 12. cxb3 Nd7 13. Bc4 Nc5 14. Re1 Ne6 15. Qd2 Nxg5 16. fxg5 Be5 17. Rad1 Kg7 18. Rf1 e6 19. Nb5 Qe7 20. Rf3 Rad8 21. g3 Nb4 22. Nc3 Rh8 23. Rdf1 Rdf8 24. Ne2 h6 25. gxh6+ Rxh6 26. Nd4 d5 27. exd5 exd5 28. Bb5 Qc5 29. Rd1 Nc2 30. Rd3 Nxd4 31. Rxd4 Rfh8 32. h4 Rd8 33. Kg2 Bxd4 34. Qxd4+ Qxd4 35. Rxd4 Kf6 36. Rf4+ Ke6 37. b4 axb4 38. Rxb4 Rhh8 39. Bd3 Rd7 40. Kf3 Ke5 41. a5 Ra8 42. Ra4 Rc7 43. Ke3 Rc1 44. Rf4 Ke6 45. b4 Ra1 46. g4 Re1+ 47. Kd4 Rd1 48. g5 Rc8 49. Rf6+ Ke7 50. Rf3 Rc4+ 51. Kxd5 Rxb4 52. Kc5 Rxh4 53. Bc4 Rc1 0-1

[Event "46th GRE-chT Premier 2018"]
[Site "Rio Achaia"]
[Date "2018.07.11"]
[Round "2"]
[White "Karapiperis, Alexandros"]
[Black "Azis, Azizis Ektoras"]
[Result "0-1"]
[ECO "B22"]
[WhiteElo "1973"]
[BlackElo "2209"]
[Annotator "NA"]
[PlyCount "94"]
[EventDate "2018.07.10"]
[EventType "team-tourn"]
[EventCountry "GRE"]
[SourceTitle "playchess.com"]
[Source "ChessBase"]
[SourceQuality "1"]
[TimeControl "40/5400+30:1800+30"]

1. e4 c5 2. c3 e6 3. Nf3 d5 4. exd5 exd5 5. d4 Nf6 6. Bb5+ Bd7 7. Bxd7+ Nbxd7 8. O-O Be7 9. dxc5 Nxc5 10. Nd4 Qd7 11. Nd2 O-O 12. N2b3 Nce4 13. f3 Nd6 14. Nc5 Qc7 15. Nd3 Nc4 16. Kh1 a6 17. Nf5 Bd6 18. Nxd6 Qxd6 19. Bf4 Qb6 20. Qb3 Qa7 21. Rad1 Rfe8 22. Nb4 b5 23. Nxd5 Nxd5 24. Rxd5 Qf2 25. Rdd1 Qxb2 26. Qxb2 Nxb2 27. Rb1 Re2 28. Bg3 Rae8 29. Rfe1 f5 30. h4 Kf7 31. Kg1 Rxe1+ 32. Rxe1 Rxe1+ 33. Bxe1 Ke6 34. Kf1 Kd5 35. Ke2 Kc4 36. Kd2 Nd3 37. Bg3 f4 38. Bh2 a5 39. Bg1 a4 40. h5 g6 41. hxg6 hxg6 42. Bh2 a3 43. Bg1 b4 44. Bd4 Nb2 45. Bf6 b3 46. axb3+ Kxb3 47. c4 a2 0-1